 Dungeon Crawl Stone Soup version 0.31-a0-851-g7ff8af7976 (webtiles) character file.

Game seed: 1253647282050223009

39 randomguy2701 the Magician (level 3, -3/25 HPs)
             Began as a Gnoll Wanderer on Oct 6, 2023.
             Slain by Terence
             ... wielding a +0 trident
              (10 damage)
             ... on level 2 of the Dungeon.
             The game lasted 00:01:42 (1454 turns).

randomguy2701 the Magician (Gnoll Wanderer)         Turns: 1454, Time: 00:01:44

Health: -3/25      AC:  5    Str:  8    XL:     3   Next: 47%
Magic:  2/9        EV: 12    Int: 19    God:
Gold:   68         SH:  0    Dex:  8    Spells: 11/12 levels left

rFire   . . .        a - +0 club
rCold   . . .        (no shield)
rNeg    . . .        c - +0 robe
rPois   .            i - +0 helmet
rElec   .            (no cloak)
rCorr   .            d - +0 pair of gloves
SInv    .            h - +0 pair of boots
Will    .....        (no amulet)
Stlth   ++           (no ring)
HPRegen 0.24/turn    (no ring)
MPRegen 0.11/turn

%: no passive effects
@: no status effects
A: fangs 1, strong nose, distributed training
a: no special abilities


You were on level 2 of the Dungeon.
You visited 1 branch of the dungeon, and saw 2 of its levels.

You collected 68 gold pieces.

Inventory:

Hand Weapons
 a - a +0 club (weapon)
Armour
 c - a +0 robe (worn)
 d - a +0 pair of gloves (worn)
 h - a +0 pair of boots (worn)
 i - a +0 helmet (worn)
Scrolls
 e - 4 scrolls of identify {unknown}
 g - 2 scrolls of teleportation {unknown}
Potions
 b - 2 potions of curing
 f - a potion of haste {unknown}


   Skills:
 + Level 0.8 Fighting
 + Level 0.8 Short Blades
 + Level 0.8 Long Blades
 + Level 0.8 Axes
 + Level 0.8 Maces & Flails
 + Level 0.8 Polearms
 + Level 0.8 Staves
 + Level 0.8 Ranged Weapons
 + Level 0.8 Throwing
 + Level 0.8 Armour
 + Level 4.5 Dodging
 + Level 2.4 Stealth
 + Level 0.8 Shields
 + Level 0.8 Unarmed Combat
 + Level 5.0 Spellcasting
 + Level 0.5 Conjurations
 + Level 0.5 Hexes
 + Level 0.5 Summonings
 + Level 0.5 Necromancy
 + Level 0.5 Translocations
 + Level 0.5 Transmutations
 + Level 0.5 Fire Magic
 + Level 0.5 Ice Magic
 + Level 3.7 Air Magic
 + Level 0.5 Earth Magic
 + Level 0.5 Poison Magic
 + Level 1.0 Invocations
 + Level 4.5 Evocations
 + Level 0.7 Shapeshifting


You had 11 spell levels left.
You knew the following spells:

 Your Spells              Type           Power      Damage    Failure   Level
a - Shock                 Conj/Air       52%        1d6       4%          1

Your spell library contained the following spells:

 Spells                   Type           Power      Damage    Failure   Level
 Swiftness                Air            19%        N/A       8%          3
 Sandblast                Erth           12%        2d6       10%         1
 Sting                    Tmut/Pois      24%        1d4       10%         1
 Ensorcelled Hibernation  Hex/Ice        12%        N/A       14%         2
 Sigil of Binding         Hex            6%         N/A       28%         3


Dungeon Overview and Level Annotations

Branches:
Dungeon (2/15)

Altars:

Annotations:
D:2 Terence


Innate Abilities, Weirdness & Mutations

You have very sharp teeth.
Your uncanny sense of smell can sniff out nearby items.
Your experience applies equally to all skills.


Message History

The zap hits the goblin.
The goblin is moderately wounded.
A ball python comes into view.
The zap hits the ball python.
The ball python is moderately wounded.
The ball python hisses angrily.
The zap hits Terence.
Terence is moderately wounded.
Terence shouts!
You miscast Shock.
You are very lightly contaminated with residual magic.
Nothing appears to happen.
The zap hits the ball python.
You kill the ball python!
The zap misses Terence.
You feel a bit more experienced.
The zap hits Terence.
Terence is moderately wounded.
Terence attacks as he pursues you! Terence misses you.
Your magical contamination has completely faded away.
The zap hits Terence but does no damage.
Terence is moderately wounded.
Terence looks scornfully at you.
Terence hits you from afar with a +0 trident!
The zap hits Terence.
Terence is heavily wounded.
Terence hits you from afar with a +0 trident.
You are too injured to fight recklessly!
Casting: Shock (safe; 4% risk of failure)
Confirm with . or Enter, or press ? or * to list all spells.
Aiming: Shock (safe; 4% risk of failure)
Press: ? - help, Shift-Dir - straight line, f/p - Terence
Aim: Terence, wielding a +0 trident and wearing a +0 ring mail (heavily wounded, 72% to hit)
The zap misses Terence.
Terence hits you from afar with a +0 trident.
Terence attacks as he pursues you!
Terence hits you from afar with a +0 trident.
* * * LOW HITPOINT WARNING * * *
Terence attacks as he pursues you!
Terence hits you from afar with a +0 trident!
You die...

#..∆ ...........†....( ∆
#.. ................. #[.
................# #..
#..............##
#..#########............##
#..........##..........##
#..#######@###..)..[..##
#(....# #.# ####''####
##.##.# #@# #...# #.
#..##.####.#####.### #..
∆##.........#<......# #..
##...########'#####.# ....
#...## #.....'.# ....
#...# #.###.### ....###..#
#.###.# .....#...#
###.###.# .........#
##.'.....#


You could see Terence.

Vanquished Creatures
  An adder (D:2)
  A worm (D:2)
  A dart slug (D:1)
  2 endoplasms
  5 goblins
  A hobgoblin (D:1)
  4 ball pythons
  2 bats (D:1)
  A frilled lizard (D:2)
  A giant cockroach (D:1)
  5 kobolds (D:1)
  3 rats (D:1)
27 creatures vanquished.

Notes
Turn   | Place    | Note
-------+----------+-------------------------------------------
     0 | D:1      | randomguy2701 the Gnoll Wanderer began the quest for the
                  | Orb.
     0 | D:1      | randomguy2701 set off with the following items: a +0 club,
                  | a potion of curing, a +0 robe, a +0 pair of gloves; and the
                  | following spells available to memorise: Shock, Swiftness,
                  | Sandblast, Sting, Ensorcelled Hibernation, Sigil of
                  | Binding.
     0 | D:1      | Reached XP level 1. HP: 13/13 MP: 6/6
    80 | D:1      | Learned a level 1 spell: Shock
   178 | D:1      | Reached XP level 2. HP: 19/19 MP: 4/7
  1107 | D:2      | Reached XP level 3. HP: 25/25 MP: 7/9
  1201 | D:2      | Reached skill level 5 in Spellcasting
  1343 | D:2      | Reached skill level 1 in Invocations
  1437 | D:2      | Noticed Terence
  1454 | D:2      | Slain by Terence

Illustrated notes

Levels and vault maps discovered:
D:1:      lemuel_arrival_lava_pool, layout_loops_ring
D:2:      kennysheep_big_flooded_room, layout_basic, minmay_misc_feat_encased,
          minivault_19, nicolae_half_adder, uniq_terence

Skill      XL: |  1  2  3 |
---------------+----------+-----
Spellcasting   | 5 |  5.0
Invocations    | 1 |  1.0
Fighting       | |  0.8
Short Blades   | |  0.8
Long Blades    | |  0.8
Axes           | |  0.8
Maces & Flails | |  0.8
Polearms       | |  0.8
Staves         | |  0.8
Ranged Weapons | |  0.8
Throwing       | |  0.8
Armour         | |  0.8
Dodging        | |  4.5
Stealth        | |  2.4
Shields        | |  0.8
Unarmed Combat | |  0.8
Conjurations   | |  0.5
Hexes          | |  0.5
Summonings     | |  0.5
Necromancy     | |  0.5
Translocations | |  0.5
Transmutations | |  0.5
Fire Magic     | |  0.5
Ice Magic      | |  0.5
Air Magic      | |  3.7
Earth Magic    | |  0.5
Poison Magic   | |  0.5
Evocations     | |  4.5
Shapeshifting  | |  0.7

Action                     || total
---------------------------++-------
  Melee: Club              ||    30
         Bite              ||     4
   Cast: Shock             ||    60
 Armour: Robe              ||    27
  Dodge: Dodged            ||    15

Table legend: (Time is in decaauts)
 A = Elapsed time spent in this place.
 B = Non-inter-level travel time spent in this place.
 C = Inter-level travel time spent in this place.
 D = Time resting spent in this place.
 E = Time spent auto-exploring this place.
 F = Levels seen in this place.
 G = Mean time per level.
                   A        B        C        D        E       F      G
               +--------+--------+--------+--------+--------+-----+--------+
         Total |   1463 |   1391 |     72 |      0 |   1217 |   2 |  731.5 |
       Dungeon |   1463 |   1391 |     72 |      0 |   1217 |   2 |  731.5 |
               +--------+--------+--------+--------+--------+-----+--------+

Top non-repeatable levels by time:
     D:1: 1012 daAuts
     D:2: 451 daAuts
